 Dungeon Crawl Stone Soup version 0.28-a0-258-g8de209e91f (webtiles) character file.

Game seed: 4182966578246047502

28 dolemite99 the Skirmisher (level 3, 0/29 HPs)
             Began as a Djinni Hedge Wizard on Aug 27, 2021.
             Slain by an adder (2 damage)
             ... on level 3 of the Dungeon.
             The game lasted 00:01:34 (2252 turns).

dolemite99 the Skirmisher (Djinni Hedge Wizard)     Turns: 2252, Time: 00:01:34

Health: 0/29       AC:  2    Str:  9    XL:     3   Next: 30%
Gold:   55         EV: 12    Int: 16    God:
                   SH:  0    Dex: 12

rFire   + + .      SeeInvis .   a - +0 dagger
rCold   x . .      Faith    .   (no shield)
rNeg    . . .      Spirit   .   b - +0 robe
rPois   ∞          Reflect  .   c - +0 hat
rElec   .          Harm     .   (no cloak)
rCorr   .          Rampage  .   (no gloves)
Will    .....                   (boots unavailable)
Stlth   ++........              (no amulet)
HPRegen 0.09/turn               (no ring)
MPRegen 0.00/turn               (no ring)

@: flying
A: sickness immunity, fire resistance 2, cold vulnerability 1, float, innate
caster, hp casting, extra vitality 1
a: no special abilities


You were on level 3 of the Dungeon.
You visited 1 branch of the dungeon, and saw 3 of its levels.

You collected 55 gold pieces.

Inventory:

Hand Weapons
 a - a +0 dagger (weapon)
Armour
 b - a +0 robe (worn)
 c - a +0 hat (worn)
Scrolls
 d - a scroll of amnesia {unknown}
Potions
 e - a potion of attraction {unknown}
 f - 2 potions of flight {unknown}
 g - a potion of curing {unknown}
 h - a potion of heal wounds {unknown}


   Skills:
 + Level 2.7 Fighting
 - Level 2.1 Dodging
 - Level 1.5 Stealth
 - Level 2.4 Spellcasting


You couldn't memorise any spells.
You knew the following spells:

 Your Spells              Type           Power      Damage    Failure   Level
a - Magic Dart            Conj           36%        1d4       8%          1
b - Blink                 Tloc           N/A        N/A       11%         2
c - Call Imp              Summ           9%         N/A       11%         2
d - Slow                  Hex            9%         N/A       11%         2
e - Conjure Flame         Conj/Fire      9%         6-21      22%         3
f - Mephitic Cloud        Conj/Pois/Air  9%         N/A       22%         3
g - Corona                Hex            10%        N/A       8%          1
Your spell library was empty.

Dungeon Overview and Level Annotations

Branches:
Dungeon (2/15)

Altars:


Innate Abilities, Weirdness & Mutations

You are immune to sickness and miasma.
You are immune to poison.
Your flesh is very heat resistant. (rF++)
You are vulnerable to cold. (rC-)
You float through the air rather than walking.
You learn spells naturally, not from books.
Your magical power is your life essence.
You have superior vitality. (+4 HP)


Message History

You kill the giant cockroach!
The adder closely misses you. The kobold barely misses you.
Casting: Magic Dart (safe; 8% risk of failure)
Confirm with . or Enter, or press ? or * to list all spells.
Aiming: Magic Dart (safe; 8% risk of failure)
Press: ? - help, Shift-Dir - straight line, f - adder
Aim: an adder (100% to hit)
The magic dart hits the adder.
The adder is lightly wounded.
The adder bites you. The kobold hits you with a +0 club. The adder bites you.
Casting: Magic Dart (safe; 8% risk of failure)
Confirm with . or Enter, or press ? or * to list all spells.
Aiming: Magic Dart (safe; 8% risk of failure)
Press: ? - help, Shift-Dir - straight line, f/p - adder
Aim: an adder (lightly wounded, 100% to hit)
The magic dart hits the adder but does no damage.
The adder is lightly wounded.
The adder bites you but does no damage. The kobold barely misses you.
Casting: Magic Dart (safe; 8% risk of failure)
Confirm with . or Enter, or press ? or * to list all spells.
Aiming: Magic Dart (safe; 8% risk of failure)
Press: ? - help, Shift-Dir - straight line, f/p - adder
Aim: an adder (lightly wounded, 100% to hit)
The magic dart hits the adder.
The adder is lightly wounded.
The adder misses you. The kobold hits you with a +0 club.
* * * LOW HITPOINT WARNING * * *
Your magical contamination has completely faded away.
Casting: Magic Dart (safe; 8% risk of failure)
Confirm with . or Enter, or press ? or * to list all spells.
Aiming: Magic Dart (safe; 8% risk of failure)
Press: ? - help, Shift-Dir - straight line, f/p - adder
Aim: an adder (lightly wounded, 100% to hit)
The magic dart hits the adder.
The adder is moderately wounded.
* * * LOW HITPOINT WARNING * * *
The adder bites you.
* * * LOW HITPOINT WARNING * * *
The kobold completely misses you. The adder bites you.
You die...

#############
###...>.......#
.........S@..#
#.......K†..#
#...........#
##...........#
#............#
#............#
#...[........+
##...........#
#########+###


You could see an adder and a kobold.

Vanquished Creatures
  2 ball pythons (D:1)
  3 bats (D:1)
  3 endoplasms
  A giant cockroach (D:3)
  6 goblins
  5 kobolds
  2 quokkas (D:1)
  2 rats
24 creatures vanquished.

Vanquished Creatures (others)
  A withered plant (D:3)
1 creature vanquished.

Grand Total: 25 creatures vanquished

Notes
Turn   | Place    | Note
-------+----------+-------------------------------------------
     0 | D:1      | dolemite99 the Djinni Hedge Wizard began the quest for the
                  | Orb.
     0 | D:1      | Reached XP level 1. HP: 15/15 MP: 0/0
    62 | D:1      | Reached skill level 1 in Fighting
   488 | D:1      | Reached XP level 2. HP: 20/22 MP: 0/0
  1804 | D:1      | Reached XP level 3. HP: 26/29 MP: 0/0
  1804 | D:1      | Learned a level 1 spell: Corona
  2238 | D:2      | You are sucked into a shaft and drop 1 floor!
  2252 | D:3      | Slain by an adder

Illustrated notes

Levels and vault maps discovered:
D:1:      nicolae_arrival_memento_mori, layout_basic, minivault_19,
          solitary_fountain
D:2:      layout_rooms, serial_shops, shop, shop, shop_statue, shop_coins,
          basic_altar, hangedman_decor_clover_reticule, minmay_misc_feat_iff,
          amcnicky_mini_rare_corridor_liquid
D:3:      layout_basic, xom_redecorated, ebering_ecumenical_altar_petrified

Skill      XL: |  1  2 |
---------------+-------+-----
Fighting       | 1 2 |  2.7
Dodging        | |  2.1
Stealth        | |  1.5
Spellcasting   | |  2.4

Action                   || total
-------------------------++-------
Melee: Dagger            ||     1
 Cast: Magic Dart        ||    64
Armor: Robe              ||     6
Dodge: Dodged            ||    25

Table legend: (Time is in decaauts)
 A = Elapsed time spent in this place.
 B = Non-inter-level travel time spent in this place.
 C = Inter-level travel time spent in this place.
 D = Time resting spent in this place.
 E = Time spent auto-exploring this place.
 F = Levels seen in this place.
 G = Mean time per level.
                   A        B        C        D        E       F      G
               +--------+--------+--------+--------+--------+-----+--------+
         Total |   2251 |   2237 |     14 |   1207 |    821 |   3 |  750.3 |
       Dungeon |   2251 |   2237 |     14 |   1207 |    821 |   3 |  750.3 |
               +--------+--------+--------+--------+--------+-----+--------+

Top non-repeatable levels by time:
     D:1: 2094 daAuts
     D:2: 143 daAuts
     D:3: 13 daAuts
